 Dungeon Crawl Stone Soup version 0.29.0-4-gdea44cf6ec (webtiles) character file.

Game seed: 16589954640158861860

43 qw the Chopper (level 3, -1/21 HPs)
             Began as a Tengu Warper on Aug 28, 2022.
             Slain by Robin
             ... wielding a +0 spear
              (3 damage)
             ... on level 2 of the Dungeon.
             The game lasted 00:00:05 (1161 turns).

qw the Chopper (Tengu Warper)                       Turns: 1161, Time: 00:00:06

Health: -1/21      AC:  3    Str: 13    XL:     3   Next: 58%
Magic:  7/7        EV: 12    Int: 13    God:
Gold:   17         SH:  0    Dex: 13    Spells: 6/6 levels left

rFire   . . .      SeeInvis .   Y - +1 hand axe
rCold   . . .      Faith    .   (no shield)
rNeg    . . .      Spirit   .   b - +0 leather armour
rPois   .          Reflect  .   (helmet restricted)
rElec   .          Harm     .   (no cloak)
rCorr   .          Rampage  .   (no gloves)
Will    .....                   (boots unavailable)
Stlth   +.........              (no amulet)
HPRegen 0.07/turn               (no ring)
MPRegen 0.10/turn               (no ring)

@: no status effects
A: beak, talons 3
a: no special abilities


You were on level 2 of the Dungeon.
You visited 1 branch of the dungeon, and saw 2 of its levels.

You collected 17 gold pieces.


Innate Abilities, Weirdness & Mutations

You have a beak for a mouth.
You have claws for feet.


   Skills:
 - Level 2.0 Fighting
 + Level 4.2 Axes
 - Level 1.0 Throwing
 - Level 1.1 Armour
 - Level 2.1 Dodging
 - Level 2.0 Spellcasting
 - Level 2.4 Translocations


You had 6 spell levels left.
You didn't know any spells.
Your spell library contained the following spells:

 Spells                   Type           Power      Damage    Failure   Level
 Blink                    Tloc           14%        N/A       19%         2
 Gell's Gravitas          Tloc           7%         N/A       36%         3
 Lesser Beckoning         Tloc           7%         N/A       36%         3
 Teleport Other           Tloc           7%         N/A       36%         3
 Manifold Assault         Tloc           7%         N/A       98%         5

Inventory:

Hand Weapons
 h - a +0 flail
 Y - a +1 hand axe (weapon)
Armour
 b - a +0 leather armour (worn)
Scrolls
 a - a scroll of teleportation {unknown}
 g - a scroll of identify
Potions
 e - a potion of curing {unknown}
 f - a potion of haste {unknown}
 i - a potion of invisibility {unknown}

Dungeon Overview and Level Annotations

Branches:
Dungeon (2/15)

Altars:

Annotations:
D:2 Robin


Message History

The goblin misses you.
Robin roars a battlecry!
The goblins go into a battle-frenzy!
The hobgoblin hits you. The goblin hits you with a +0 dagger.
A hobgoblin comes into view.
The goblin closely misses you.
You hit the goblin. You claw the goblin.
You kill the goblin!
You closely miss the goblin. You hit the goblin. You barely miss the hobgoblin.
The goblin closely misses you. The goblin hits you with a +0 dagger.
The hobgoblin barely misses you.
A hobgoblin comes into view.
You hit the goblin. Your kick misses the goblin.
The goblin is severely wounded.
You closely miss the hobgoblin. You hit the hobgoblin.
You barely miss the goblin. The goblin hits you but does no damage.
The goblin barely misses you.
A goblin comes into view. It is wielding a +0 club.
The hobgoblin hits you but does no damage.
The hobgoblin hits you.
You barely miss the hobgoblin.
The hobgoblin is severely wounded.
You hit the hobgoblin. You hit the goblin.
You kill the goblin!
You barely miss the goblin. The goblin closely misses you.
The hobgoblin hits you. x2
You closely miss the hobgoblin.
The hobgoblin is almost dead.
You hit the goblin.
You kill the goblin!
You hit the hobgoblin but do no damage.
A rat comes into view.
The hobgoblin barely misses you. x2
Robin roars a battlecry!
The hobgoblin goes into a battle-frenzy!
You hit the hobgoblin.
You kill the hobgoblin!
You hit the hobgoblin but do no damage.
Robin hits you from afar with a +0 spear.
You die...

#########
#.......#
#.#####.# . #.#
#.# .. #)#
#.####..>
#@#####.#.....#
#..g)%.......###..
#.g#g#####<.......
#..#g# ##>#.####
#. #.g .#.# #r ##.
.# # . . .. ## .#
##


You could see Robin, 4 hobgoblins and a rat.

Vanquished Creatures
  A gnoll (D:1)
  A worm (D:2)
  2 dart slugs (D:1)
  A ball python (D:1)
  8 goblins
  2 hobgoblins
  4 kobolds (D:1)
  A quokka (D:1)
  A bat (D:1)
  2 frilled lizards (D:1)
  3 rats (D:1)
26 creatures vanquished.

Notes
Turn   | Place    | Note
-------+----------+-------------------------------------------
     0 | D:1      | qw the Tengu Warper began the quest for the Orb.
     0 | D:1      | Reached XP level 1. HP: 12/12 MP: 4/4
     0 | D:1      | 0 ||| qw: Version: 0.1-a-89-g26bdef1
     0 | D:1      | 0 ||| qw: Game counter: 1139
     0 | D:1      | 0 ||| qw: Always use a shield: true
     0 | D:1      | 0 ||| qw: God list: Okawaru
     0 | D:1      | 0 ||| qw: Allow faded altars: false
     0 | D:1      | 0 ||| qw: Do Orc after D:15 true
     0 | D:1      | 0 ||| qw: Do second Lair branch before Depths: true
     0 | D:1      | 0 ||| qw: Lair rune preference: random
     0 | D:1      | 0 ||| qw: Plans: Normal
     0 | D:1      | 0 ||| PLANNING D:1-11
    48 | D:1      | 48 ||| Stepping ~*~*~tactically~*~*~ (stealth).
    53 | D:1      | Reached skill level 3 in Axes
    53 | D:1      | Reached XP level 2. HP: 13/17 MP: 6/6
   111 | D:1      | 111 ||| Stepping ~*~*~tactically~*~*~ (stealth).
   125 | D:1      | 125 ||| Stepping ~*~*~tactically~*~*~ (stealth).
   319 | D:1      | Reached XP level 3. HP: 8/21 MP: 7/7
   517 | D:1      | 517 ||| DROPPING +0 club.
   828 | D:1      | Reached skill level 4 in Axes
   868 | D:1      | 868 ||| READING scroll labelled GOLEAD KAELO.
   869 | D:1      | 869 ||| READING 2 scrolls labelled NAICWY MAEFF.
   870 | D:1      | 870 ||| READING scroll labelled SILOTO NUMO.
   871 | D:1      | 871 ||| DROPPING scroll of blinking.
   902 | D:2      | 902 ||| STAIRDANCE
   909 | D:2      | 909 ||| STAIRDANCE
  1012 | D:2      | 1012 ||| STAIRDANCE
  1154 | D:2      | Noticed Robin
  1159 | D:2      | HP: 2/21 [hobgoblin[Robin] (5)]
  1161 | D:2      | Slain by Robin

Levels and vault maps discovered:
D:1:      minmay_arrival_stone_box, layout_basic
D:2:      minmay_angry_zag, layout_loops_ring, minivault_27, uniq_jessica,
          uniq_sigmund, uniq_robin

Skill      XL: |  1  2  3 |
---------------+----------+-----
Axes           | 3 4 |  4.2
Fighting       | |  2.0
Throwing       | |  1.0
Armour         | |  1.1
Dodging        | |  2.1
Spellcasting   | |  2.0
Translocations | |  2.4

Action                   || total
-------------------------++-------
Melee: Hand axe          ||    53
       Kick              ||    15
       Peck              ||     6
       Punch             ||     1
Throw: Boomerang         ||     7
  Use: Scroll            ||     3
Armor: Leather armour    ||    10
Dodge: Dodged            ||    23

Table legend:
 A = Non-vault XP
 B = Vault XP
 C = Vault XP percentage of total XP
 D = Non-vault monster count
 E = Vault monster count
 F = Vault count percentage of total count
                 A         B        C        D         E       F
            +---------+---------+-------+---------+---------+-------
      Total |      55 |       9 |  14.1 |      21 |       5 |  19.2
            +---------+---------+-------+---------+---------+-------
        D:1 |      50 |       0 |   0.0 |      20 |       0 |   0.0
        D:2 |       5 |       9 |  64.3 |       1 |       5 |  83.3
            +---------+---------+-------+---------+---------+-------
